 Dungeon Crawl Stone Soup version 0.23.0-3-gf3c87f2df8 (webtiles) character file.

Game seed: 11728768381287774142

28 LLavrengius the Insei (level 3, -1/23 HPs)
             Began as an Octopode Transmuter on Feb 24, 2019.
             Slain by an adder (5 damage)
             ... on level 2 of the Dungeon.
             The game lasted 00:02:16 (1074 turns).

LLavrengius the Insei (Octopode Transmuter)         Turns: 1074, Time: 00:02:17

Health: -1/23      AC:  1    Str:  9    XL:     3   Next: 12%
Magic:  7/7        EV: 13    Int: 16    God:
Gold:   44         SH:  0    Dex: 12    Spells: 1/7 levels left

rFire    . . .     SeeInvis .     - Unarmed
rCold    . . .     Gourm    .   (no shield)
rNeg     . . .     Faith    .   (helmet restricted)
rPois    .         Spirit   .   (no amulet)
rElec    .         Reflect  .   (no ring)
rCorr    .         Harm     .   (no ring)
MR       .....                  (no ring)
Stlth    ++........             (no ring)
HPRegen  0.07/turn              (no ring)
MPRegen  0.10/turn              (no ring)
                                (no ring)
                                (no ring)

@: lethally poisoned (-1 -> -6)
A: almost no armour, stealthy swim, amphibious, 8 rings, constrict 8, camouflage
1, gelatinous body 1
a: no special abilities


You were on level 2 of the Dungeon.
You were not hungry.

You visited 1 branch of the dungeon, and saw 2 of its levels.

You collected 44 gold pieces.

Inventory:

Missiles
 a - 12 arrows
Scrolls
 d - a scroll of amnesia {unknown}
 e - a scroll of enchant armour {unknown}
 f - a scroll of teleportation {unknown}
 h - a scroll of fog {unknown}
Potions
 b - a potion of curing {unknown}
Comestibles
 c - 7 rations
 g - 2 chunks of flesh


   Skills:
 - Level 1.0 Fighting
 - Level 2.0 Dodging
 - Level 3.0 Unarmed Combat
 + Level 2.7 Spellcasting
 + Level 2.8 Transmutations


You had one spell level left.
You knew the following spells:

 Your Spells              Type           Power        Failure   Level  Hunger
a - Beastly Appendage     Tmut           ##....       6%          1    #......
b - Sticks to Snakes      Tmut           ##......     9%          2    ##.....
c - Spider Form           Tmut/Pois      #.........   32%         3    ###....

Your spell library contained the following spells:

 Spells                   Type           Power        Failure   Level  Hunger
 Ice Form                 Ice/Tmut       #.......     71%         4    #####..
 Blade Hands              Tmut           ##........   86%         5    ######.


Dungeon Overview and Level Annotations

Branches:
Dungeon (2/15)

Altars:


Innate Abilities, Weirdness & Mutations

You cannot wear most types of armour.
You are very stealthy in the water. (Stealth+)
You are amphibious.
You can wear up to eight rings at the same time.
You can use your tentacles to constrict eight enemies at once.
Your skin changes colour to match your surroundings (Stealth+).
Your rubbery body absorbs attacks. (AC +1, EV +1)


Message History

The giant cockroach misses you.
A dart slug comes into view.
The adder bites you.
You closely miss the adder. Your grab misses the adder.
The adder is moderately wounded.
The giant cockroach bites you. The adder bites you.
You are poisoned.
The adder poisons you!
You are too injured to fight recklessly!
You are too injured to fight recklessly!
You are too injured to fight recklessly!
You miss the adder. Your grab misses the adder.
The adder is moderately wounded.
You feel sick. The adder bites you.
* * * LOW HITPOINT WARNING * * *
The giant cockroach closely misses you.
You miss the adder. Your grab misses the adder.
The adder is moderately wounded.
The adder bites you.
You die...

..... ..#
....w##.#
........####
#.........#
#.........+
#.........#
#....S.s..#
#+# #@...#
... #....#
#.# #.#
#....# #.#
#.# #!...#
#.# #.#
#....# #.#
#.###.#####
#.#
#.........#
#.#
#.###.....+
#.# #.#
#####.#


You could see an adder, a dart slug and a giant cockroach.

Vanquished Creatures
  2 dart slugs (D:1)
  2 bats (D:1)
  4 hobgoblins (D:1)
  2 jackals (D:1)
  A kobold (D:1)
  A ball python (D:1)
  5 frilled lizards (D:1)
  4 goblins
  3 rats
24 creatures vanquished.

Notes
Turn   | Place    | Note
-------+----------+-------------------------------------------
     0 | D:1      | LLavrengius the Octopode Transmuter began the quest for the
                  | Orb.
     0 | D:1      | Reached XP level 1. HP: 13/13 MP: 3/3
   146 | D:1      | Reached XP level 2. HP: 16/18 MP: 3/5
   631 | D:1      | Reached XP level 3. HP: 17/23 MP: 6/6
   720 | D:1      | Learned a level 2 spell: Sticks to Snakes
   724 | D:1      | Learned a level 3 spell: Spider Form
  1074 | D:2      | Slain by an adder

Action                   || total
-------------------------++-------
Melee: Unarmed           ||    51
       Constrict         ||    13
       Tentacles         ||    11
       Punch             ||     2
       Kick              ||     1
 Cast: Beastly Appendage ||     1
 Stab: Sleeping          ||     3
Armor: Skin              ||     1
Dodge: Dodged            ||    32
